 Dungeon Crawl Stone Soup version 0.22-a0-374-g5dfd9e3 (webtiles) character file.

3187 mhoghedin the Nimble (level 10, 0/97 HPs)
             Began as a Kobold Berserker on Apr 26, 2018.
             Was an Elder of Trog.
             Succumbed to a killer bee's poison
             ... on level 8 of the Dungeon.
             The game lasted 00:14:35 (8121 turns).

mhoghedin the Nimble (Kobold Berserker)             Turns: 8121, Time: 00:14:36

Health: 0/97       AC:  8    Str: 21    XL:     10   Next: 16%
Magic:  10/10      EV: 21    Int:  9    God:    Trog [****..]
Gold:   372        SH:  0    Dex: 14    Spells: 9/9 levels left

rFire    + + .     SeeInvis .   p - +0 morningstar
rCold    + . .     Gourm    .   (shield restricted)
rNeg     . . .     Faith    .   f - +2 robe of Qazlal {rElec rF++ rC+ Str-2}
rPois    .         Spirit   .   (no helmet)
rElec    +         Reflect  .   (no cloak)
rCorr    .         Harm     .   (no gloves)
MR       +....                  r - +1 pair of boots
Stlth    ..........             a - amulet of magic regeneration
HPRegen  0.26/turn              t - +2 ring of protection
MPRegen  0.37/turn              u - ring of protection from magic {MR+, !d}

@: berserking, lethally poisoned (0 -> -3), very quick
A: small, carnivore
a: Berserk, Trog's Hand, Brothers in Arms, Renounce Religion


You were on level 8 of the Dungeon.
You worshipped Trog.
Trog was greatly pleased with you.
You were full.

You visited 1 branch of the dungeon, and saw 8 of its levels.

You collected 372 gold pieces.

Inventory:

Hand Weapons
 p - a +0 morningstar (weapon)
   (You took it off an orc on level 3 of the Dungeon)
Missiles
 l - 2 throwing nets {=f, !d}
Armour
 f - the +2 robe of Qazlal (worn) {rElec rF++ rC+ Str-2}
   (You found it on level 5 of the Dungeon)

   It affects your strength (-2).
   It greatly protects you from fire.
   It protects you from cold.
   It insulates you from electricity.
 j - a +0 cloak
   (You took it off Maurice on level 8 of the Dungeon)
 m - a +0 scale mail
   (You found it on level 3 of the Dungeon)
 r - a +1 pair of boots (worn)
   (You found it on level 4 of the Dungeon)
Jewellery
 a - an amulet of magic regeneration (around neck)
   (You found it on level 3 of the Dungeon)
 t - a +2 ring of protection (left hand)
   (You found it on level 5 of the Dungeon)
 u - a ring of protection from magic (right hand) {MR+, !d}
   (You found it on level 7 of the Dungeon)
 v - an uncursed ring of fire {rF+, rC-}
   (You found it on level 7 of the Dungeon)
Scrolls
 d - 6 scrolls of teleportation
 e - 3 scrolls of remove curse
 g - 2 scrolls of fog
 w - a scroll of immolation {!r}
 x - a scroll of identify
 y - a scroll of blinking {!r}
Potions
 b - a potion of brilliance {unknown}
 h - 2 potions of degeneration {unknown}
 i - a potion of mutation {unknown}
 k - 6 potions of curing
 n - a potion of flight {unknown}
 o - a potion of lignification {unknown}
 q - 4 potions of heal wounds
 s - a potion of agility {unknown}
 z - a potion of haste {unknown}
Comestibles
 c - 14 rations


   Skills:
 + Level 8.8 Fighting
 + Level 7.3 Maces & Flails
 - Level 4.1 Armour
 + Level 9.2 Dodging


You had 9 spell levels left.
You didn't know any spells.

Dungeon Overview and Level Annotations

Branches:
Dungeon (8/15)             Temple (0/1) D:4
   Lair: D:8-11

Altars:
Elyvilon
Okawaru
Uskayaw


Innate Abilities, Weirdness & Mutations

You are small and have problems with some larger weapons.
You are carnivorous and can eat meat at any time.


Message History

The killer bee stings you but does no damage.
The killer bee stings you!
* * * LOW HITPOINT WARNING * * *
The killer bee closely misses you.
You take 7 damage, and have 24/97 hp.
You barely miss the killer bee. The killer bee completely misses you.
The killer bee barely misses you. The orc hits you but does no damage.
The orc priest casts a cantrip, but nothing happens.
The killer bee completely misses you. The orc hits you but does no damage.
You miss the killer bee.
You feel sick. The killer bee completely misses you. The killer bee misses you.
The killer bee closely misses you. The orc barely misses you.
The orc priest casts a cantrip, but nothing happens.
You closely miss the killer bee. The killer bee misses you.
The killer bee closely misses you. x2
You barely miss the killer bee.
You feel the effects of Trog's Hand fading.
You feel sick.
The killer bee completely misses you. x2
The orc closely misses you. The killer bee completely misses you.
The orc wizard hits you but does no damage.
You impale the killer bee!!
You feel the power of Trog in you as your rage grows.
You kill the killer bee!
Trog accepts your kill. The killer bee barely misses you. The orc misses you.
The orc wizard hits you with a dagger.
* * * LOW HITPOINT WARNING * * *
The killer bee stings you.
* * * LOW HITPOINT WARNING * * *
You are more poisoned.
The killer bee poisons you!
You take 3 damage, and have 23/97 hp.
You hit the killer bee.
You feel sick. The killer bee closely misses you.
The orc wizard gestures wildly while chanting.
The orc wizard blinks!
The orc hits you but does no damage.
You barely miss the killer bee.
You feel sick. The killer bee completely misses you.
The orc hits you with a dagger.
* * * LOW HITPOINT WARNING * * *
The killer bee completely misses you. The orc barely misses you.
You take 3 damage, and have 20/97 hp.
You miss the killer bee.
You feel sick. The killer bee closely misses you.
The orc completely misses you. The orc hits you but does no damage.
You puncture the killer bee!
You kill the killer bee!
Trog accepts your kill.
You feel sick. The orc barely misses you.
The orc priest begins to cast a cantrip, but forgets the words!
The orc barely misses you.
You closely miss the orc.
You feel sick. The orc closely misses you. The orc hits you.
* * * LOW HITPOINT WARNING * * *
You take 2 damage, and have 18/97 hp.
You puncture the orc priest!
Your skin stops crawling.
You feel less resistant to hostile enchantments.
You feel sick. The orc closely misses you.
You closely miss the orc priest. The orc closely misses you.
The orc priest calls down the wrath of Beogh upon you.
Beogh smites you!
* * * LOW HITPOINT WARNING * * *
You take 14 damage, and have 4/97 hp.
Unknown command.
You impale the orc priest!!
You feel the power of Trog in you as your rage grows.
You kill the orc priest!
Trog accepts your kill.
* * * LOW HITPOINT WARNING * * *
You feel sick. The orc wizard misses you. The orc completely misses you. x2
You take 1 damage, and have 3/97 hp.
You are too berserk!
You puncture the orc wizard!
* * * LOW HITPOINT WARNING * * *
You feel sick. The orc wizard misses you. The orc misses you.
The orc closely misses you.
You take 1 damage, and have 2/97 hp.
You puncture the orc wizard!
You kill the orc wizard!
Trog accepts your kill.
Trog appreciates your killing of a magic user.
The orc closely misses you.
You puncture the orc!
You feel the power of Trog in you as your rage grows.
You kill the orc!
Trog accepts your kill.
* * * LOW HITPOINT WARNING * * *
You feel sick. The orc barely misses you.
You thump the orc!
You kill the orc!
Trog accepts your kill. The orc completely misses you.
You closely miss the orc.
* * * LOW HITPOINT WARNING * * *
You feel sick. The orc completely misses you.
You take 1 damage, and have 1/97 hp.
You closely miss the orc. You sock the orc!
You feel the power of Trog in you as your rage grows.
You kill the orc!
Trog accepts your kill.
You die...

#........................#
#.......................#
#......................#
#.....................###
##.......................
...#####...................#
........†#.................##
........####.)))............#
######### ###@(............#
####...........#
#.......###### ##..........
####........###
###....<.†[..##
#............##
#...####...#..## #...
#..###..##


There were no monsters in sight!

Vanquished Creatures
  Maurice (D:8)
  A centaur zombie (D:7)
  3 ice beasts
  2 phantoms (D:5)
  2 black bears
  2 centaurs (D:5)
  3 bullfrogs (D:7)
  3 scorpions (D:6)
  4 killer bees (D:8)
  2 howler monkeys (D:6)
  A jelly (D:6)
  4 crimson imps
  3 hounds
  3 orc priests
  7 orc wizards
  A bullfrog skeleton (D:7)
  Jessica (D:3)
  Natasha (twice) (D:2)
  An iguana (D:4)
  8 worker ants
  A killer bee zombie (D:6)
  A hound zombie (D:6)
  A hound skeleton (D:6)
  2 worker ant zombies
  7 adders
  4 gnolls (D:2)
  A howler monkey skeleton (D:5)
  3 shadow imps
  An ooze (D:5)
  3 worms
  3 dart slugs
  6 leopard geckos
  23 orcs
  2 ball pythons
  7 giant cockroaches
  5 goblins
  6 hobgoblins
  2 jackals (D:2)
  6 kobolds
  5 quokkas
  4 bats
  2 frilled lizards
  7 rats
156 creatures vanquished.

Notes
Turn   | Place    | Note
-------+----------+-------------------------------------------
     0 | D:1      | mhoghedin the Kobold Berserker began the quest for the Orb.
     0 | D:1      | Reached XP level 1. HP: 14/14 MP: 1/1
   141 | D:1      | Reached XP level 2. HP: 9/19 MP: 2/2
   688 | D:1      | Reached skill level 3 in Maces & Flails
   688 | D:1      | Reached XP level 3. HP: 21/23 MP: 3/3
   931 | D:1      | Reached skill level 2 in Armour
  1102 | D:2      | Reached skill level 3 in Dodging
  1119 | D:2      | Reached ** piety under Trog
  1326 | D:2      | Reached XP level 4. HP: 29/29 MP: 4/4
  1334 | D:2      | Reached skill level 4 in Fighting
  1385 | D:2      | Noticed Natasha
  1400 | D:2      | Killed Natasha
  1400 | D:2      | Reached XP level 5. HP: 31/33 MP: 5/5
  1573 | D:2      | Noticed Natasha
  1583 | D:2      | HP: 4/33 [Natasha/magic dart (7)]
  1586 | D:2      | Killed Natasha
  2519 | D:3      | Noticed Jessica
  2535 | D:3      | Killed Jessica
  2535 | D:3      | Reached skill level 4 in Dodging
  2535 | D:3      | Reached XP level 6. HP: 39/39 MP: 6/6
  3127 | D:3      | Reached skill level 3 in Armour
  3528 | D:4      | Reached skill level 4 in Maces & Flails
  3533 | D:4      | Reached XP level 7. HP: 28/44 MP: 7/7
  3793 | D:4      | Found a staircase to the Ecumenical Temple.
  3874 | D:4      | Found a white marble altar of Elyvilon.
  4018 | D:4      | Reached skill level 5 in Fighting
  4644 | D:5      | Entered Level 5 of the Dungeon
  4658 | D:5      | Reached skill level 5 in Dodging
  4879 | D:5      | Reached *** piety under Trog
  5022 | D:5      | Reached XP level 8. HP: 39/50 MP: 8/8
  5545 | D:5      | Reached skill level 6 in Fighting
  5590 | D:5      | Reached skill level 5 in Maces & Flails
  5590 | D:5      | Reached skill level 4 in Armour
  5590 | D:5      | Reached skill level 6 in Dodging
  5950 | D:5      | Got a faintly humming robe
  5976 | D:5      | Identified the +2 robe of Qazlal {rElec rF++ rC+ Str-2} (You found it on level 5 of the Dungeon)
  6325 | D:6      | Reached XP level 9. HP: 56/56 MP: 9/9
  6387 | D:6      | Reached skill level 7 in Dodging
  6630 | D:6      | Reached skill level 7 in Fighting
  6701 | D:6      | Reached skill level 6 in Maces & Flails
  6914 | D:6      | Found a hide-covered altar of Uskayaw.
  6914 | D:6      | Found an iron altar of Okawaru.
  7059 | D:7      | Reached **** piety under Trog
  7509 | D:7      | Reached skill level 8 in Dodging
  7513 | D:7      | Reached skill level 8 in Fighting
  7949 | D:8      | Noticed Maurice
  7990 | D:8      | Killed Maurice
  7990 | D:8      | Reached skill level 7 in Maces & Flails
  7990 | D:8      | Reached XP level 10. HP: 65/65 MP: 10/10
  8069 | D:8      | Reached skill level 9 in Dodging
  8101 | D:8      | HP: 24/97 [killer bee (7)]
  8106 | D:8      | HP: 23/97 [killer bee (2)]
  8111 | D:8      | HP: 19/97 [poisoned by a killer bee]
  8113 | D:8      | HP: 4/97 [orc priest/divine providence (14)]
  8119 | D:8      | HP: 1/97 [poisoned by a killer bee]
  8121 | D:8      | Succumbed to a killer bee's poison

Vault maps used:
D:1:      minmay_arrival_split_and_join, minmay_heptomino_o4
D:2:      grunt_ministairs_3, uniq_natasha
D:3:      uniq_jessica
D:4:      elyvilon_altar_3, temple_pool_b
D:5:      first_ration
D:6:      cheibrodos_quashed, gammafunk_temple_overflow_pools, serial_glass,
          glass_columns_c, glass_columns_b
D:8:      uniq_maurice

Skill      XL: |  1  2  3  4  5  6  7  8  9 10 |
---------------+-------------------------------+-----
Maces & Flails | 3 4 5 7 |  7.3
Armour         | 2 3 4 |  4.1
Dodging        | 3 4 5 6 8 9 |  9.2
Fighting       | 4 5 6 8 |  8.8

Action                   |  1- 3 |  4- 6 |  7- 9 | 10-12 || total
-------------------------+-------+-------+-------+-------++-------
Melee: Mace              |    79 |   137 |       |       ||   216
       Morningstar       |       |    14 |   356 |    41 ||   411
Invok: Berserk           |     2 |     8 |     9 |     1 ||    20
       Trog's Hand       |     1 |       |     2 |     1 ||     4
       Brothers in Arms  |       |       |     1 |       ||     1
  Use: Scroll            |       |     1 |    10 |       ||    11
 Stab: Sleeping          |     1 |     2 |     2 |       ||     5
  Eat: Chunk             |     9 |    14 |    24 |     2 ||    49
Armor: Animal skin       |    14 |     2 |       |       ||    16
       Scale mail        |       |    40 |    71 |       ||   111
       Robe              |       |       |    51 |    12 ||    63
Dodge: Dodged            |    77 |    98 |   368 |   103 ||   646

Table legend:
 A = Spawn XP
 B = Non-spawn XP
 C = Spawn XP percentage of total XP
 D = Spawn monster count
 E = Non-spawn monster count
 F = Spawn count percentage of total count
 G = Total turns spent on level
                    A         B        C        D         E        F      G
               +---------+---------+-------+---------+---------+-------+---------
         Total |       0 |    4554 |   0.0 |       0 |     156 |   0.0 |  8121
               +---------+---------+-------+---------+---------+-------+---------
           D:1 |       0 |      40 |   0.0 |       0 |      21 |   0.0 |  1020
           D:2 |       0 |     168 |   0.0 |       0 |      21 |   0.0 |  1327
           D:3 |       0 |     253 |   0.0 |       0 |      22 |   0.0 |  1156
           D:4 |       0 |     138 |   0.0 |       0 |       7 |   0.0 |  1141
           D:5 |       0 |     911 |   0.0 |       0 |      30 |   0.0 |  1471
           D:6 |       0 |     972 |   0.0 |       0 |      27 |   0.0 |   941
           D:7 |       0 |    1190 |   0.0 |       0 |      15 |   0.0 |   870
           D:8 |       0 |     882 |   0.0 |       0 |      13 |   0.0 |   195
               +---------+---------+-------+---------+---------+-------+---------

Vault maps used:
D:1:      minmay_arrival_split_and_join, minmay_heptomino_o4
D:2:      grunt_ministairs_3, uniq_natasha
D:3:      uniq_jessica
D:4:      elyvilon_altar_3, temple_pool_b
D:5:      first_ration
D:6:      cheibrodos_quashed, gammafunk_temple_overflow_pools, serial_glass,
          glass_columns_c, glass_columns_b
D:8:      uniq_maurice

Table legend:
 A = Turns spent in this place as a percentage of turns spent in the entire game.
 B = Non-inter-level travel turns spent in this place as a percentage of non-inter-level travel turns spent in the entire game.
 C = Inter-level travel turns spent in this place as a percentage of turns spent in this place.
 D = Turns resting spent in this place as a percentage of non-inter-level travel turns spent in this place.
 E = Turns spent auto-exploring this place as a percentage of non-inter-level travel turns spent in this place.
 F = Non-inter-level travel turns spent in this place divided by the number of levels of this place that you've seen.
                   A       B       C       D       E      F
               +-------+-------+-------+-------+-------+----------------------
         Total | 100.0 | 100.0 |   3.2 |  24.5 |  58.8 | 982.6
       Dungeon | 100.0 | 100.0 |   3.2 |  24.5 |  58.8 | 982.6
               +-------+-------+-------+-------+-------+----------------------

Table legend:
 A = Kills in this place as a percentage of kills in entire the game.
 B = Kills by you in this place as a percentage of kills by you in the entire game.
 C = Kills by friends in this place as a percentage of kills by friends in the entire game.
 D = Other kills in this place as a percentage of other kills in the entire game.
 E = Experience gained in this place as a percentage of experience gained in the entire game.
 F = Experience gained in this place divided by the number of levels of this place that you have seen.
                   A       B       C       D       E      F
               +-------+-------+-------+-------+-------+----------------------
         Total | 100.0 | 100.0 |   N/A |   N/A | 100.0 | 569.2
       Dungeon | 100.0 | 100.0 |   N/A |   N/A | 100.0 | 569.2
               +-------+-------+-------+-------+-------+----------------------
